[Event "Amateur Tournament (ATO)"]
[Site "Biel, Switzerland"]
[Date "2026.07.15"]
[Round "2.1"]
[White "Huang, Hsuan-Chen"]
[Black "Jud, Marc"]
[Result "1/2-1/2"]
[TimeControl "90+30+30sec/move"]
[WhiteTitle "-"]
[BlackTitle "-"]
[WhiteFideId "16303121"]
[BlackFideId "1309099"]
[WhiteElo "1805"]
[BlackElo "1991"]

1. Nf3 Nf6 2. d4 d5 3. e3 e6 4. Bd3 c5 5. c3 Be7 6.
O-O O-O 7. Nbd2 b6 8. e4 dxe4 9. Nxe4 Nbd7 10. Qe2 Bb7 11. dxc5 Nxe4 12. Bxe4 Bxe4 13.
Qxe4 Nxc5 14. Qg4 Qc7 15. Rd1 Rad8 16. Bf4 Bd6 17. Rxd6 Rxd6 18. Nd4 a6 19. Be5 f6 20. Bxd6 Qxd6 21.
b4 f5 22. Qe2 Ne4 23. Qxa6 Nxc3 24. Nf3 Qxb4 25. Ne5 Ne4 26. Rf1 Qd4 27. Nc6 Qc5 28. Qb7 Re8 29. a4 h6 30. Qd7 Nf6 31.
Qb7 Ne4 32. Qd7 Kf8 33. Nd4 Qd5 34. Qxd5 exd5 35. Nxf5 Nc3 36. Ra1 g6 37. Nd4 Re4 38. Nc2 Rxa4 39. Rxa4 Nxa4 40. Kf1 Ke7 41.
Ke2 Kd6 42. Kd3 Kc5 43. Na1 Nb2+ 44. Kc2 Nc4 45. Nb3+ Kb4 46. Nd4 b5 47. Ne6 Ne5 48. h3 Kc4 49. f4 Nc6 50. g4 Ne7 51.
h4 d4 52. Kd2 d3 53. g5 hxg5 54.
fxg5 Nd5 55. h5 gxh5 56. g6 h4 57. Nf4 Nf6 58. Nxd3 h3 59. Ne5+ Kd5 60. Nf3 b4 61. Kd3 Nh5 62.
Kc2 Kc4 63. Kb2 Kd3 64. Kb3 Ke3 65. Nh2 Kf4 66. Kxb4 Kg3 67. Nf1+ Kf2 68. Nh2 Kg2 69. Ng4 Kg3 70. Ne3 Ng7 71.
Kc3 Kf3 72. Nf1 Nf5 73. Kd3 Kf2 74. Nh2 Kg3 75. Nf1 Kf4 76. Ke2 Kg5 77. Kf3 Kh4 78. Kf4 Ng7 79. Nh2 Nh5+ 80. Kf3 Ng7 81.
Kf4 Nh5+ 82. Kf3 Kg5 83. g7 Nxg7 84. Kg3 Nf5+ 85. Kxh3 1/2-1/2

[Event "Amateur Tournament (ATO)"]
[Site "Biel, Switzerland"]
[Date "2026.07.15"]
[Round "2.2"]
[White "Novalic, Miralem"]
[Black "Sushrutha, Reddy"]
[Result "0-1"]
[TimeControl "90+30+30sec/move"]
[WhiteTitle "-"]
[BlackTitle "-"]
[WhiteFideId "1317539"]
[BlackFideId "5039100"]
[WhiteElo "1966"]
[BlackElo "1799"]

1. d4 Nf6 2. Nf3 g6 3. c4 Bg7 4. Nc3 O-O 5. e4 d6 6. h3 e5 7. dxe5 dxe5 8. Bg5 Nbd7 9. Qd2 c6 10.
Rd1 Qc7 11. Be2 Nc5 12. Qe3 Ne6 13. O-O Nxg5 14. Qxg5 Be6 15. Rd2 Nh5 16. Rfd1 Nf4 17. Bf1 f6 18. Qg3 Qf7 19. b3 Bh6 20.
Qh2 Rfe8 21. g3 Nh5 22. Rd6 Bf8 23. R6d3 Qc7 24. Be2 Bf7 25. Ne1 Ng7 26. Nc2 Ne6 27. Na4 Rad8 28. Qg2 b5 29.
Nb2 Qa5 30. a4 b4 31. Qf3 Kg7 32. Rxd8 Rxd8 33. Rxd8 Qxd8 34. Qd3 Qb6 35. Nd1 Bc5 36. Bg4 Nf8 37. h4 h5 38. Bh3 Qc7 39.
Kg2 a5 40. Nde3 Qe7 41. Kf1 Qd6 42. Ke2 Be6 43. Bg2 Nd7 44. Ne1 Bd4 45. Qc2 Bxe3 46. fxe3 Nc5 47. Nd3 Bg4+ 48. Kd2 f5 49.
exf5 gxf5 50. Bxc6 Qxc6 51. Nxc5 Qxc5 52. Qd3 Qc6 53. Qd8 Qg2+ 54. Kc1 Qf1+ 55. Kc2 Qe2+ 56. Kb1 Qd1+ 57. Qxd1 Bxd1 58.
Kb2 Kf6 59. Ka2 f4 60. gxf4 exf4 61. exf4 Kf5 62. c5 Bf3 63. Kb2 Kxf4 64. Kc2 Kg4 65. Kd3 Kxh4 66. Kc4 Bc6 0-1

[Event "Amateur Tournament (ATO)"]
[Site "Biel, Switzerland"]
[Date "2026.07.15"]
[Round "2.3"]
[White "Buntschu, Kurt"]
[Black "Alexakis, Dimitrios"]
[Result "0-1"]
[TimeControl "90+30+30sec/move"]
[WhiteTitle "-"]
[BlackTitle "-"]
[WhiteFideId "1325884"]
[BlackFideId "4200527"]
[WhiteElo "1795"]
[BlackElo "1959"]

1. e4 c5 2. c3 Nf6 3. e5 Nd5 4. d4 cxd4 5. Nf3 Nc6 6. cxd4 e6 7. Nc3 Nxc3 8. bxc3 d6 9. Bd3 dxe5 10.
dxe5 Qa5 11. O-O Nxe5 12. Nxe5 Qxe5 13. Re1 Qa5 14. Qb3 Be7 15. Bb5+ Kf8 16. Be3 Qa3 17. Qc2 a6 18. Ba4 b5 19.
Qe4 Rb8 20. Bb3 Bb7 21. Qd4 Qd6 22. Qg4 h5 23. Qd4 Qxd4 24. Bxd4 Bf6 25. Bc5+ Kg8 26. Bb4 Kh7 27. Rad1 Rhd8 28.
Ba5 Rxd1 29. Rxd1 Bc6 30. Rd6 Rc8 31. f3 Be7 32. Rd3 Bc5+ 33. Kf1 g6 34. Bb4 Bb6 35. Ke1 a5 36. Be7 Kg7 37.
g3 a4 38. Bc2 Bd5 39. a3 Bc5 40. Bxc5 Rxc5 41. Kd2 e5 42. Re3 f6 43. Be4 f5 44.
Bd3 Kf6 45. h4 Bc4 46. Bc2 Rd5+ 47. Kc1 Rd6 48. Re1 Ke6 49. Re3 Rd7 50. Re1 Bd3 51.
Re3 Bxc2 52. Kxc2 Rd5 53. Re1 Kd6 54. Rb1 e4 55. fxe4 fxe4 56. Rf1 Rf5 57. Re1 Rf2+ 58. Kd1 Kd5 59. Re3 Rg2 60. Ke1 Ke5 61. Kd1 Ra2 62. Kc1 Rxa3 63. Kb2 Rb3+ 0-1

[Event "Amateur Tournament (ATO)"]
[Site "Biel, Switzerland"]
[Date "2026.07.15"]
[Round "2.4"]
[White "Linder, Ernst"]
[Black "Jahn, Thomas"]
[Result "0-1"]
[TimeControl "90+30+30sec/move"]
[WhiteTitle "-"]
[BlackTitle "-"]
[WhiteFideId "1357735"]
[BlackFideId "34679430"]
[WhiteElo "1783"]
[BlackElo "1944"]

1. d4 d5 2. Nf3 Nf6 3. Bf4 e6 4. h3 c5 5. e3 Qb6 6.
Qc1 Bd7 7. Nc3 cxd4 8. exd4 Bb4 9. Bd2 Nc6 10. a3 Be7 11.
Be3 O-O 12. Bd3 Rac8 13. O-O Na5 14. Na4 Bxa4 15. b4 Nb3 16. Qb2 Nxa1 17. Rxa1 Qc7 18. g4 Qc3 19. Qa2 Bxc2 20. Bf1 Ne4 21.
Ne5 Bg5 22. Bxg5 Nxg5 23. Rc1 Qd2 24. Qa1 Ne4 0-1

[Event "Amateur Tournament (ATO)"]
[Site "Biel, Switzerland"]
[Date "2026.07.15"]
[Round "2.5"]
[White "Schneuwly, Achim"]
[Black "Schmied, Stefan"]
[Result "1/2-1/2"]
[TimeControl "90+30+30sec/move"]
[WhiteTitle "-"]
[BlackTitle "-"]
[WhiteFideId "1303252"]
[BlackFideId "1335804"]
[WhiteElo "1933"]
[BlackElo "1781"]

1. Nf3 Nf6 2. e3 d5 3. c4 c6 4. b3 g6 5. Bb2 Bg7 6. Be2 O-O 7. O-O Bg4 8. d3 e6 9. Nbd2 Nbd7 10.
Qc2 Bxf3 11. Nxf3 Nh5 12. Bxg7 Nxg7 13. Rfc1 Qe7 14. Rab1 a5 15.
Qb2 Ra7 16. Rc2 Rfa8 17. Ne5 Nxe5 18. Qxe5 f6 19. Qb2 Nf5 20. Bg4 Nh6 21. Bf3 Nf5 22. g3 Nd6 23. Qa3 Kf7 24. h4 Ke8 25.
Kg2 Kd8 26. Rh1 Nf5 27. Qb2 Nd6 28. Re1 Ke8 29. e4 dxc4 30. bxc4 e5 31. d4 Nf7 32. Rb1 Qc7 33. c5 exd4 34.
Qxd4 Qe5 35. Qe3 Rd8 36. Rcb2 Rd7 37. Bg4 Re7 38. f4 Qc7 39. Qd4 Qd8 40. Qc4 Kf8 41. Rd1 Qc7 42. Qd4 Kg7 43.
Be2 h5 44. Bc4 Ra8 45. Bxf7 Kxf7 46. Rf2 Rae8 47. e5 fxe5 48. fxe5+ Kg8 49. Qd6 Qxd6 50. exd6 Rd7 51. Rf4 Re5 52.
Rc1 b6 53. Ra4 Rxc5 54. Rxc5 bxc5 55. Rxa5 c4 56. Rc5 Rxd6 57. Rxc4 Rd2+ 58. Kf3 Rxa2 59. Rxc6 Kf7 60. Rc4 Ra5 61.
Rf4+ Kg7 62. Ke4 Ra4+ 63. Ke5 Ra5+ 1/2-1/2

[Event "Amateur Tournament (ATO)"]
[Site "Biel, Switzerland"]
[Date "2026.07.15"]
[Round "2.6"]
[White "Nass, Mikael"]
[Black "Keller, Felix"]
[Result "1/2-1/2"]
[TimeControl "90+30+30sec/move"]
[WhiteTitle "-"]
[BlackTitle "-"]
[WhiteFideId "1509365"]
[BlackFideId "1309587"]
[WhiteElo "1776"]
[BlackElo "1920"]

1. e4 e6 2. d4 d5 3. Bd3 dxe4 4. Bxe4 c5 5. Ne2 Nf6 6. Bf3 Nc6 7. c3 cxd4 8. Nxd4 Nxd4 9. Qxd4 Qxd4 10.
cxd4 Bb4+ 11. Nc3 O-O 12. O-O Rd8 13. Be3 h6 14. Rac1 a6 15. Rfd1 Rb8 16. Bf4 Bd6 17. Bxd6 Rxd6 18.
Ne4 Nxe4 19. Bxe4 b6 20. Bc6 Bb7 21. Bxb7 Rxb7 22. Rc2 Rbd7 23. Rcd2 e5 24. d5 Kf8 25. f3 Ke7 26. Kf2 b5 27.
Ke3 Rc7 28. b3 f5 29. g3 g5 30. Rd3 Kd7 31. g4 fxg4 32. fxg4 Rf6 33. d6 Rc2 34. Ke4 Re2+ 35. Re3 Rxe3+ 36. Kxe3 Rxd6 37. Rf1 Ke6 38. Rc1 Kd5 39. a3 Rc6 40. Rd1+ Ke6 41. Rd3 a5 42. h3 b4 43. axb4 axb4 44.
Ke2 Rc1 45. Kd2 Rc5 46. Ke2 Rd5 47. Rf3 e4 48. Rf8 Rd3 49. Re8+ Kd5 50. Rd8+ Ke5 51. Rxd3 exd3+ 52. Kxd3 Kd5 1/2-1/2

[Event "Amateur Tournament (ATO)"]
[Site "Biel, Switzerland"]
[Date "2026.07.16"]
[Round "3.1"]
[White "Alexakis, Dimitrios"]
[Black "Bellm, Juergen"]
[Result "1-0"]
[TimeControl "90+30+30sec/move"]
[WhiteTitle "-"]
[BlackTitle "-"]
[WhiteFideId "4200527"]
[BlackFideId "533007349"]
[WhiteElo "1959"]
[BlackElo "1765"]

1. e4 c6 2. Nc3 d5 3. Nf3 dxe4 4. Nxe4 Nf6 5. Nxf6+ exf6 6. d4 Bd6 7. Bd3 O-O 8. O-O Nd7 9.
Re1 Re8 10. Rxe8+ Qxe8 11. c4 Nf8 12. h3 Be6 13. Be3 Qd7 14. Qf1 Rd8 15. Rd1 Qc7 16. a3 a5 17. Rc1 Qb8 18. Qe1 b6 19.
b4 axb4 20. axb4 Ng6 21. Qd2 f5 22. Qb2 Nf4 23. Bxf4 Bxf4 24. Re1 h6 25. Qc2 Qc8 26. Rd1 g6 27. Bf1 Kh7 28. g3 Bb8 29.
Bg2 b5 30. d5 cxd5 31. c5 Qa6 32. Qc3 Bc7 33. Re1 Ra8 34. Nd4 Qc8 35. Nxe6 fxe6 36. Qf6 Ra6 37. Qf7+ Kh8 38. Bxd5 e5 39.
c6 Bd6 40. Qf6+ 1-0

[Event "Amateur Tournament (ATO)"]
[Site "Biel, Switzerland"]
[Date "2026.07.16"]
[Round "3.2"]
[White "Jahn, Thomas"]
[Black "Rickli, Juerg Michel"]
[Result "1-0"]
[TimeControl "90+30+30sec/move"]
[WhiteTitle "-"]
[BlackTitle "-"]
[WhiteFideId "34679430"]
[BlackFideId "1333399"]
[WhiteElo "1944"]
[BlackElo "1742"]

1. e4 d5 2. exd5 Qxd5 3. Nc3 Qa5 4. d4 Nf6 5. Bd2 c6 6. Nf3 Bg4 7. h3 Bxf3 8. Qxf3 Qd8 9. O-O-O e6 10.
Qg3 Nbd7 11. f4 Qc7 12. Qe3 O-O-O 13. g4 Bb4 14. f5 Nd5 15. Nxd5 Bxd2+ 16. Qxd2 exd5 17. Bd3 h6 18. Rde1 Rde8 19.
g5 hxg5 20. Qxg5 f6 21. Qg4 Rxe1+ 22. Rxe1 Qa5 23. Re7 Rg8 24. a3 Qd8 25. Rxg7 Rxg7 26. Qxg7 Qe8 27. Kd2 Qh5 28. Qg4 Qxg4 29.
hxg4 Kd8 30. Ke3 Ke7 31. Kf4 Nf8 32. g5 fxg5+ 33. Kxg5 Nh7+ 34. Kg6 Nf6 35. c4 dxc4 36. Bxc4 b6 37.
b4 a5 38. bxa5 bxa5 39. Be2 Nd7 40. Kg7 Nf6 41. Bf3 Ne8 42. Kg6 Kf8 43. Bxc6 Nd6 44. Kf6 Nc4 45. Bb5 Nd6 46. Bd3 Ne8+ 47.
Ke6 1-0

[Event "Amateur Tournament (ATO)"]
[Site "Biel, Switzerland"]
[Date "2026.07.16"]
[Round "3.3"]
[White "van Bogaert, Olivier"]
[Black "Aegerter, Fabrice"]
[Result "1/2-1/2"]
[TimeControl "90+30+30sec/move"]
[WhiteTitle "-"]
[BlackTitle "-"]
[WhiteFideId "134178780"]
[BlackFideId "1344854"]
[WhiteElo "1810"]
[BlackElo "1915"]

1. d4 f5 2. Bf4 Nf6 3. e3 e6 4. Nf3 b6 5. h3 Bb7 6. Be2 Bd6 7. O-O O-O 8. c4 Bxf4 9. exf4 c5 10.
dxc5 bxc5 11. Nc3 d5 12. cxd5 exd5 13. Qb3 Qb6 14. Na4 Qxb3 15. axb3 Ba6 16. Rfe1 Bxe2 17. Rxe2 Nbd7 18. Ne5 Rfe8 19.
Rae1 Kf8 20. Nd3 Rac8 21. Rxe8+ Nxe8 22. Rc1 c4 23. bxc4 1/2-1/2

[Event "Amateur Tournament (ATO)"]
[Site "Biel, Switzerland"]
[Date "2026.07.16"]
[Round "3.4"]
[White "Sushrutha, Reddy"]
[Black "Coletta, Julien"]
[Result "0-1"]
[TimeControl "90+30+30sec/move"]
[WhiteTitle "-"]
[BlackTitle "-"]
[WhiteFideId "5039100"]
[BlackFideId "1342223"]
[WhiteElo "1799"]
[BlackElo "1889"]

1. e4 e5 2. f4 Bc5 3. Nf3 d6 4. Bc4 Nf6 5. Nc3 O-O 6. d3 a6 7. Qe2 Nc6 8. f5 h6 9. Be3 Bxe3 10.
Qxe3 Na5 11. O-O Nxc4 12. dxc4 b5 13. Rad1 Bb7 14. h3 Nd7 15. cxb5 axb5 16. a3 Nf6 17. Rfe1 Qe7 18. Rd2 Rfb8 19.
g4 Kh7 20. Rg2 Bc6 21. g5 Nh5 22. Rg4 Nf4 23. Ne2 Nxh3+ 24. Kg2 Nxg5 25. Nxg5+ hxg5 26. Qh3+ Kg8 27. Rh1 f6 28. Ng3 Kf7 29.
Qh5+ Kf8 30. Qg6 Qf7 31. Qh7 Ke7 32. Nh5 Rh8 33. Qxg7 Qxg7 34. Nxg7 Rxh1 35. Kxh1 Rh8+ 36. Kg2 Bd7 37.
Rg3 Kf7 38. Ne6 Bxe6 39. fxe6+ Kxe6 40. Rb3 c6 41. Rb4 d5 42. a4 bxa4 43. exd5+ Kxd5 44. Rxa4 Rh4 0-1

[Event "Amateur Tournament (ATO)"]
[Site "Biel, Switzerland"]
[Date "2026.07.16"]
[Round "3.6"]
[White "Czarkowski, Dawid"]
[Black "Schorno, Wim"]
[Result "1-0"]
[TimeControl "90+30+30sec/move"]
[WhiteTitle "-"]
[BlackTitle "-"]
[WhiteFideId "545067392"]
[BlackFideId "1359606"]
[WhiteElo "1713"]
[BlackElo "1860"]

1. d4 Nf6 2. c4 e6 3. Nc3 Bb4 4. Qc2 Bxc3+ 5. Qxc3 Ne4 6. Qc2 f5 7. Nf3 b6 8. Bf4 Bb7 9. e3 O-O 10.
h3 d6 11. Bd3 Qe8 12. O-O Qg6 13. Be2 Nd7 14. b4 Ndf6 15. Rfd1 Nh5 16. Bh2 f4 17.
exf4 Nxf4 18. Bxf4 Rxf4 19. Kf1 Ng3+ 20. fxg3 Rxf3+ 21. Bxf3 Qxc2 22. Bxb7 Qxc4+ 23. Kg1 Rf8 24. a3 d5 25.
Rac1 Qe2 26. Kh2 Rf2 27. Rg1 g5 28. Rxc7 g4 29. h4 Rf3 30. Bc8 Qf2 31. Bxe6+ Kf8 32. Rxh7 Qxg3+ 33. Kh1 Rf2 34.
Bxd5 Qd6 35. Rc1 Re2 36. Rf7+ Kg8 37. Rc8+ 1-0

[Event "Amateur Tournament (ATO)"]
[Site "Biel, Switzerland"]
[Date "2026.07.17"]
[Round "4.1"]
[White "Zhou, Abigail"]
[Black "Alexakis, Dimitrios"]
[Result "1/2-1/2"]
[TimeControl "90+30+30sec/move"]
[WhiteTitle "-"]
[BlackTitle "-"]
[WhiteFideId "39922081"]
[BlackFideId "4200527"]
[WhiteElo "1831"]
[BlackElo "1959"]

1. e4 c5 2. Nf3 d6 3. d4 cxd4 4. Nxd4 Nf6 5. Nc3 Nc6 6. Be2 e5 7. Nb3 Be7 8. O-O O-O 9. Bf3 Be6 10.
Be3 Na5 11. Nxa5 Qxa5 12. Qd2 Kh8 13. Rad1 Rac8 14. a3 a6 15. h3 b5 16. Ne2 Qc7 17. Nc3 Bc4 18. Be2 Qb7 19. f3 Rfd8 20.
Bg5 Bxe2 21. Qxe2 Nh5 22. Bxe7 Nf4 23. Qf2 Qxe7 24. Kh2 Qg5 25. Nd5 Nxd5 26. Rxd5 Rc6 27. c3 Qe7 28. Rfd1 Kg8 29.
Qg3 Rf8 30. Qf2 Rd8 31. Qg3 Rf8 1/2-1/2

[Event "Amateur Tournament (ATO)"]
[Site "Biel, Switzerland"]
[Date "2026.07.17"]
[Round "4.2"]
[White "Gheorghiu, Harry"]
[Black "Jahn, Thomas"]
[Result "0-1"]
[TimeControl "90+30+30sec/move"]
[WhiteTitle "-"]
[BlackTitle "-"]
[WhiteFideId "1248839"]
[BlackFideId "34679430"]
[WhiteElo "1733"]
[BlackElo "1944"]

1. e4 c5 2. Nc3 Nc6 3. f4 g6 4. Nf3 Bg7 5. a3 d6 6. Bb5 Bd7 7. Bxc6 Bxc6 8. d3 Qb6 9. Nd5 Bxd5 10.
exd5 Bxb2 11. Rb1 Bc3+ 12. Bd2 Bxd2+ 13. Nxd2 Qc7 14. Ne4 Nf6 15. Nxf6+ exf6 16. Qe2+ Kf8 17. O-O Re8 18. Qf2 Kg7 19.
f5 g5 20. h4 h6 21. Rfe1 Qd7 22. h5 Rxe1+ 23. Rxe1 Re8 24. g4 Rxe1+ 25. Qxe1 Qa4 26. Qe7 Qxg4+ 27. Kh1 Qxh5+ 28. Kg1 Qg4+ 29.
Kh1 Qf3+ 30. Kh2 Qxd5 31. c4 Qe5+ 0-1

[Event "Amateur Tournament (ATO)"]
[Site "Biel, Switzerland"]
[Date "2026.07.17"]
[Round "4.3"]
[White "Coletta, Julien"]
[Black "Czarkowski, Dawid"]
[Result "1/2-1/2"]
[TimeControl "90+30+30sec/move"]
[WhiteTitle "-"]
[BlackTitle "-"]
[WhiteFideId "1342223"]
[BlackFideId "545067392"]
[WhiteElo "1889"]
[BlackElo "1713"]

1. e4 c5 2. Nf3 d6 3. Bb5+ Bd7 4. Bxd7+ Qxd7 5. O-O Nc6 6. Re1 e6 7. c4 g6 8. d4 cxd4 9. Nxd4 Bg7 10.
Be3 a6 11. Nc3 Nge7 12. f3 O-O 13. Nde2 Rfd8 14. Bb6 Rf8 15. Qd2 Ne5 16. b3 Qc6 17. Be3 Rfd8 18. Rac1 b6 19. Red1 Rd7 20.
Na4 Rb8 21. h3 Qc7 22. Nf4 Rb7 23. Qf2 Nc8 24. Nd5 exd5 25. cxd5 Qd8 26. f4 b5 27. Nb2 Rdc7 28. fxe5 Bxe5 29.
Nd3 Bc3 30. Rc2 b4 31. Rdc1 Qe7 32. Qf4 Na7 33. a4 a5 34. Bf2 f6 35. Kh2 g5 36. Qf5 Kg7 37. h4 h5 38. hxg5 fxg5 39.
Be3 Kh6 40. g3 Qg7 41. Qe6+ Qg6 42. Qxg6+ Kxg6 43. Bd4 Re7 44. Bxc3 bxc3 45. e5 dxe5 46. Rxc3 Rbd7 47. Rc5 e4 48.
Ne1 Re5 49. Rd1 Rf5 50. Rxa5 Rf2+ 51. Kg1 Rb2 52. d6 Rxb3 53. Rxa7 Rxa7 54. d7 Rb8 55.
d8=Q Rxd8 56. Rxd8 Rxa4 57. Rd5 Ra2 58. Re5 Re2 59. Kf1 Kf6 60. Kxe2 Kxe5 61. Ng2 Kd4 62.
Kd2 Ke5 63. Ke2 Kd4 64. Kd2 Kd5 65. Ke2 Ke5 66. Ne3 Kf6 67. Kf2 Ke5 68. Ke2 Kf6 69.
Kf2 Ke5 1/2-1/2

[Event "Amateur Tournament (ATO)"]
[Site "Biel, Switzerland"]
[Date "2026.07.17"]
[Round "4.4"]
[White "Pinelli, Gian"]
[Black "Jud, Marc"]
[Result "1/2-1/2"]
[TimeControl "90+30+30sec/move"]
[WhiteTitle "-"]
[BlackTitle "-"]
[WhiteFideId "1348710"]
[BlackFideId "1309099"]
[WhiteElo "1824"]
[BlackElo "1991"]

1. e4 c5 2. Nf3 d6 3. d4 cxd4 4. Nxd4 Nf6 5. Nc3 a6 6. Rg1 e5 7. Nb3 h5 8. Be3 Be6 9. h3 d5 10.
exd5 Nxd5 11. Nxd5 Qxd5 12. Qxd5 Bxd5 13. O-O-O Be6 14. g3 Nc6 15. Bg2 Rc8 16. Bxc6+ bxc6 17. Nc5 Bxc5 18. Bxc5 f6 1/2-1/2

[Event "Amateur Tournament (ATO)"]
[Site "Biel, Switzerland"]
[Date "2026.07.17"]
[Round "4.5"]
[White "Schneuwly, Achim"]
[Black "Ernst, Heinz"]
[Result "1-0"]
[TimeControl "90+30+30sec/move"]
[WhiteTitle "-"]
[BlackTitle "-"]
[WhiteFideId "1303252"]
[BlackFideId "1303295"]
[WhiteElo "1933"]
[BlackElo "1848"]

1. e4 d5 2. exd5 Nf6 3. d4 Nxd5 4.
Nf3 Bg4 5. Be2 e6 6. O-O Be7 7. Ne5 Bxe2 8. Qxe2 c6 9. Nd2 Nf6 10. Ndf3 Nbd7 11. Nxf7 Kxf7 12. Ng5+ Ke8 13. Nxe6 Qa5 14.
Bd2 Qb6 15. Rfe1 Ng8 16. Nxg7+ Kf7 17. Nf5 Qd8 18. Qh5+ Kf8 19. Bh6+ Nxh6 20. Qxh6+ 1-0

[Event "Amateur Tournament (ATO)"]
[Site "Biel, Switzerland"]
[Date "2026.07.17"]
[Round "4.6"]
[White "Aegerter, Fabrice"]
[Black "Betsche, Tim"]
[Result "1-0"]
[TimeControl "90+30+30sec/move"]
[WhiteTitle "-"]
[BlackTitle "-"]
[WhiteFideId "1344854"]
[BlackFideId "1347535"]
[WhiteElo "1915"]
[BlackElo "1840"]

1. d4 d5 2. Nf3 Nf6 3. c4 e6 4. g3 Be7 5. Bg2 O-O 6. O-O dxc4 7. Nbd2 c5 8. Nxc4 Nc6 9. Qb3 cxd4 10.
Rd1 a5 11. a4 Qd5 12. Nfe5 Qc5 13. Nxc6 bxc6 14. Bf4 Rd8 15. Ne5 Nd5 16. Rac1 Qb4 17. Qxb4 Nxb4 18. Nxc6 Nxc6 19. Bxc6 Ra6 20.
Bc7 Rxc6 21. Bxd8 1-0

[Event "Amateur Tournament (ATO)"]
[Site "Biel, Switzerland"]
[Date "2026.07.18"]
[Round "5.1"]
[White "Jahn, Thomas"]
[Black "Schneuwly, Achim"]
[Result "1-0"]
[TimeControl "90+30+30sec/move"]
[WhiteTitle "-"]
[BlackTitle "-"]
[WhiteFideId "34679430"]
[BlackFideId "1303252"]
[WhiteElo "1944"]
[BlackElo "1933"]

1. e4 c5 2. Nf3 e6 3. d4 cxd4 4. Nxd4 Nc6 5. Nb5 d6 6. Bf4 e5 7. Be3 Nf6 8. N1c3 Be6 9. Bg5 Be7 10.
Bxf6 gxf6 11. Nd5 O-O 12. Bd3 Kh8 13. O-O Rg8 14. Kh1 Rc8 15. Nbc3 Nd4 16. Ne3 Bf8 17. Ncd5 Bh6 18. f4 f5 19.
exf5 Bxd5 20. Nxd5 Rc5 21. Qh5 Rxd5 22. Qxh6 Qf8 23. Qh3 Qg7 24. f6 1-0

[Event "Amateur Tournament (ATO)"]
[Site "Biel, Switzerland"]
[Date "2026.07.18"]
[Round "5.2"]
[White "Alexakis, Dimitrios"]
[Black "Materia, Mario"]
[Result "1-0"]
[TimeControl "90+30+30sec/move"]
[WhiteTitle "-"]
[BlackTitle "-"]
[WhiteFideId "4200527"]
[BlackFideId "651082241"]
[WhiteElo "1959"]
[BlackElo "1857"]

1. e4 e5 2. Nf3 Nc6 3. Bb5 a6 4. Ba4 Nf6 5. O-O Be7 6. Re1 b5 7. Bb3 d6 8. c3 O-O 9. h3 Nb8 10.
d4 Nbd7 11. Nbd2 c5 12. Nf1 Re8 13. Ng3 Bf8 14. a4 Rb8 15. axb5 axb5 16. dxe5 Nxe5 17. Nxe5 dxe5 18. Qe2 c4 19.
Bc2 Qc7 20. Bg5 Nd7 21. Nf5 f6 22. Be3 Nc5 23. Red1 Bxf5 24. exf5 Red8 25. Rxd8 Rxd8 26. Rd1 Rxd1+ 27. Qxd1 Qd7 28. Qxd7 Nxd7 29. Be4 Bc5 30.
Bc6 Bxe3 31. fxe3 Nc5 32. Bxb5 Kf8 33. Bxc4 Na4 34. b4 Nxc3 35. Kf1 Ke7 36. Ke1 Kd6 37. Kd2 Na4 38. Kc2 Nb6 39.
Kb3 Kc6 40. Be6 Kb5 41. e4 Kc6 42. h4 Kb5 43. g3 Kc6 44. Bc4 Kd6 45. Bg8 h6 46. Bf7 Ke7 47. Bc4 Kd6 48. Bb5 Kc7 49.
Kc3 Nc8 50. Bd3 Kc6 51. Kd2 Ne7 52. Kc3 Nc8 53. Kb3 Nb6 54. Ba6 Kd6 55. Bc4 Kc6 56. Bf7 Kd6 57. Be8 Ke7 58. Bc6 Kd6 59.
Bb5 Ke7 60. Kc3 Kd6 61. Kd3 Ke7 62. Ke3 Kf7 63. Kf3 Nc8 64. Bc4+ Kf8 65. Kg4 Nd6 66. Bd5 Nb5 67. Bc6 Nd6 68.
b5 Nc8 69. Kh5 Nb6 70. g4 Kf7 71. g5 hxg5 72. hxg5 Nc8 73. Bd7 Nb6 74. Be6+ Ke7 75. Kg6 Na8 76. Kxg7 fxg5 77. f6+ Kd6 78.
f7 Nc7 79. f8=Q+ 1-0

[Event "Amateur Tournament (ATO)"]
[Site "Biel, Switzerland"]
[Date "2026.07.18"]
[Round "5.3"]
[White "Czarkowski, Dawid"]
[Black "Aegerter, Fabrice"]
[Result "0-1"]
[TimeControl "90+30+30sec/move"]
[WhiteTitle "-"]
[BlackTitle "-"]
[WhiteFideId "545067392"]
[BlackFideId "1344854"]
[WhiteElo "1713"]
[BlackElo "1915"]

1. d4 Nf6 2. c4 g6 3. Nc3 d5 4. Bg5 Bg7 5. Nf3 c6 6. e3 O-O 7. Bd3 dxc4 8. Bxc4 Nbd7 9. O-O h6 10.
Bf4 Nh5 11. Ne2 Nb6 12. Bb3 Bg4 13. Qd3 Bxf3 14. gxf3 Nd5 15. Bg3 Nxg3 16. fxg3 e6 17.
e4 Nc7 18. Qe3 Qe7 19. h4 Rad8 20. Rf2 Rd7 21. Rh2 Nb5 22. e5 Rfd8 23. Rd1 c5 24.
Ba4 cxd4 25. Qd3 a6 26. Bxb5 axb5 27. f4 Qb4 28. b3 Rd5 29. g4 Ra8 30. Rd2 Rc8 31. Rd1 Rc3 32. Nxc3 dxc3 33. Qc2 Qxf4 34. Rxd5 Qe3+ 35. Kh1 exd5 36.
Qe2 Qxe2 37. Rxe2 d4 38. Kg2 d3 39. Re3 c2 40. Re1 d2 0-1

[Event "Amateur Tournament (ATO)"]
[Site "Biel, Switzerland"]
[Date "2026.07.18"]
[Round "5.4"]
[White "Pinelli, Gian"]
[Black "Coletta, Julien"]
[Result "1/2-1/2"]
[TimeControl "90+30+30sec/move"]
[WhiteTitle "-"]
[BlackTitle "-"]
[WhiteFideId "1348710"]
[BlackFideId "1342223"]
[WhiteElo "1824"]
[BlackElo "1889"]

1. e4 e5 2. d4 exd4 3. Qxd4 Nc6 4. Qe3 Nf6 5. Bd2 Be7 6. Nc3 d5 7. exd5 Nxd5 8. Nxd5 Qxd5 9. Ne2 O-O 10.
Nf4 Qd4 11. Qxd4 Nxd4 12. O-O-O Bf5 13. Bd3 Bxd3 14. Nxd3 Bd6 15. h3 Rfe8 16. c3 Ne6 17. Be3 Rad8 1/2-1/2

[Event "Amateur Tournament (ATO)"]
[Site "Biel, Switzerland"]
[Date "2026.07.18"]
[Round "5.5"]
[White "Keller, Felix"]
[Black "Zhou, Abigail"]
[Result "1/2-1/2"]
[TimeControl "90+30+30sec/move"]
[WhiteTitle "-"]
[BlackTitle "-"]
[WhiteFideId "1309587"]
[BlackFideId "39922081"]
[WhiteElo "1920"]
[BlackElo "1831"]

1. d4 d5 2. c4 e6 3. Nf3 Nf6 4. Bg5 Be7 5. Nc3 Nbd7 6. e3 O-O 7. cxd5 exd5 8. Bd3 c6 9. O-O h6 10.
Bh4 Re8 11. Qc2 Nf8 12. Rab1 a5 13. a3 Be6 14. b4 axb4 15. axb4 Rc8 16. Na4 N8d7 17. Nc5 Qb6 18. Rfc1 Bd6 19.
Ra1 Ra8 20. Ra4 Ra7 21. Bg3 Bxg3 22. hxg3 Rea8 23. Rxa7 Qxa7 24. Rb1 1/2-1/2

[Event "Amateur Tournament (ATO)"]
[Site "Biel, Switzerland"]
[Date "2026.07.18"]
[Round "5.6"]
[White "Jud, Marc"]
[Black "Lupei, Denis"]
[Result "1-0"]
[TimeControl "90+30+30sec/move"]
[WhiteTitle "-"]
[BlackTitle "-"]
[WhiteFideId "1309099"]
[BlackFideId "34611231"]
[WhiteElo "1991"]
[BlackElo "1845"]

1. d4 Nf6 2. Nf3 e6 3. e3 b6 4. c4 Bb7 5. Be2 Be7 6. O-O O-O 7. b3 d5 8. Bb2 Nbd7 9. cxd5 exd5 10.
Nbd2 Rc8 11. Ne5 Re8 12. Ndf3 Bd6 13. Bd3 Ne4 14. Rc1 Re6 15. Nxd7 Qxd7 16. Ne5 Rh6 17. f3 Bxe5 18. dxe5 Nc5 19.
Bb1 Ba6 20. Rf2 Rd8 21. Rd2 Ne6 22. f4 c5 23. f5 Nc7 24. Qg4 Bc8 25. Qg5 a5 26. e6 fxe6 27. Bxg7 Qxg7 28. Qxd8+ Qf8 29.
Qxc7 Bb7 30. Qxb7 Rxh2 31. Re1 Qd8 32. f6 Qxf6 33. Qb8+ Kg7 34. Qxh2 1-0

[Event "Amateur Tournament (ATO)"]
[Site "Biel, Switzerland"]
[Date "2026.07.20"]
[Round "6.1"]
[White "Aegerter, Fabrice"]
[Black "Jahn, Thomas"]
[Result "0-1"]
[TimeControl "90+30+30sec/move"]
[WhiteTitle "-"]
[BlackTitle "-"]
[WhiteFideId "1344854"]
[BlackFideId "34679430"]
[WhiteElo "1915"]
[BlackElo "1944"]

1. d4 d5 2. Nf3 Nf6 3. c4 e6 4. g3 Be7 5. Bg2 O-O 6. O-O dxc4 7. Qc2 a6 8. Nbd2 b5 9. a4 c6 10.
b3 cxb3 11. Nxb3 Nd5 12. Bd2 Bb7 13. Na5 Ra7 14. Rfb1 Qb6 15. e4 Nf6 16. Nc4 Qd8 17. Ba5 Qe8 18. Bb6 Ra8 19. Na5 Nbd7 20.
Nxb7 Nxb6 21. e5 Nfd5 22. a5 Na4 23. Rb3 Ra7 24. Nd2 Nac3 25. Rxc3 Nxc3 26. Qxc3 Rxb7 27. f4 Rc7 28. Ne4 Qd8 29.
Qe3 Rd7 30. g4 Rxd4 31. f5 Rd1+ 32. Rxd1 Qxd1+ 33. Kf2 Qxg4 34. Bh3 Bh4+ 35. Kf1 Qd1+ 36. Kg2 Rd8 37. fxe6 Qc2+ 38. Kg1 Rd1+ 39.
Bf1 fxe6 40. Qf3 Be7 0-1